 Dungeon Crawl Stone Soup version 0.30.0-30-g96aa6591b8 (webtiles) character file.

Game seed: 339041604899708611

227 Peloso the Covered (level 5, -9/47 HPs)
             Began as a Minotaur Fighter on June 30, 2023.
             Mangled by Pikel
             ... wielding a +1 whip of electrocution
              (12 damage)
             ... on level 4 of the Dungeon.
             The game lasted 00:01:45 (763 turns).

Peloso the Covered (Minotaur Fighter)                Turns: 763, Time: 00:01:45

Health: -9/47      AC:  8    Str: 21    XL:     5   Next: 70%
Magic:  4/4        EV:  9    Int:  5    God:
Gold:   37         SH:  5    Dex: 11    Spells: 4/4 levels left

rFire   . . .        a - +0 long sword
rCold   . . .        d - +0 buckler
rNeg    . . .        b - +0 scale mail
rPois   .            (helmet restricted)
rElec   .            c - +0 cloak
rCorr   +            (no gloves)
SInv    .            (no boots)
Will    .....        (no amulet) Stlth
                     h - ring of resist corrosion
HPRegen 0.27/turn    (no ring)
MPRegen 0.09/turn

%: no passive effects
@: no status effects
A: horns 2, retaliatory headbutt
a: no special abilities


You were on level 4 of the Dungeon.
You visited 1 branch of the dungeon, and saw 3 of its levels.

You collected 37 gold pieces.

Inventory:

Hand Weapons
 a - a +0 long sword (weapon)
Armour
 b - a +0 scale mail (worn)
 c - a +0 cloak (worn)
 d - a +0 buckler (worn)
 j - a +0 pair of boots
Jewellery
 h - a ring of resist corrosion (left hand)
Potions
 i - 2 potions of might


   Skills:
 + Level 4.7 Fighting
 + Level 4.0 Long Blades
 + Level 5.2 Armour
 + Level 1.0 Dodging
 + Level 4.9 Shields


You had 4 spell levels left.
You didn't know any spells.
Your spell library was empty.

Dungeon Overview and Level Annotations

Branches:
Dungeon (2/15)

Altars:

Annotations:
D:4 Pikel


Innate Abilities, Weirdness & Mutations

You have a pair of horns on your head.
You reflexively headbutt those who attack you in melee.


Message History

The hound bites you but does no damage.
Pikel, Merchant of Souls comes into view.
He is wielding a +1 whip of electrocution.
Found a scroll labelled YFOHOKHLUTEU and 10 gold pieces.
Pikel shouts!
You hear a shout!
The hound barely misses you. You furiously retaliate!
You headbutt the hound.
A lemure and a quokka come into view.
The lemure shouts!
The hound closely misses you.
A kobold comes into view. It is wielding a +0 club.
You miss the hound. Your headbutt misses the hound.
The hound is lightly wounded.
A lemure comes into view.
The hound bites you but does no damage.
You hit the hound. You headbutt the hound.
The hound is almost dead.
You block the hound's attack. The hound bites you.
You hit the hound.
You kill the hound!
Pikel hits you with a +1 whip of electrocution!
* * * LOW HITPOINT WARNING * * *
Your Long Blades skill increases to level 4!
Your Dodging skill increases to level 1!
The quokka attacks as you move away!
The quokka bites you but does no damage.
Pikel attacks as you move away!
Pikel hits you with a +1 whip of electrocution.
* * * LOW HITPOINT WARNING * * *
You see here a hound corpse.
The quokka attacks as you move away!
The quokka bites you but does no damage.
Pikel attacks as you move away!
Pikel hits you with a +1 whip of electrocution.
* * * LOW HITPOINT WARNING * * *
An adder comes into view.
Unknown command.
You closely miss the quokka.
The adder hisses angrily.
You block the quokka's attack.
Pikel hits you with a +1 whip of electrocution!
You die...

#.........####.# #
####........#.....# ..
............#....##...
..!.#.......#...#.......
..........>.#.!.........
................########
........)...#.........
......5.....#...#...#.
......K5r@..†..^......
.?......K.....†.#...#.
......................
......##.....##.##########
.......)..................
........##..).............
.$...##.....S...#......###
........#.............##
...................


You could see Pikel, 2 lemures, an adder, a quokka and a kobold.

Vanquished Creatures
  Sigmund (D:4)
  A hound (D:4)
  An adder (D:4)
  3 ball pythons (D:1)
  2 endoplasms
  A giant cockroach (D:1)
  A goblin (D:1)
  A hobgoblin (D:1)
  4 jackals (D:1)
  4 quokkas
  3 bats (D:1)
  A frilled lizard (D:1)
  2 kobolds (D:1)
  A rat (D:1)
26 creatures vanquished.

Notes
Turn   | Place    | Note
-------+----------+-------------------------------------------
     0 | D:1      | Peloso the Minotaur Fighter began the quest for the Orb.
     0 | D:1      | Reached XP level 1. HP: 19/19 MP: 0/0
    99 | D:1      | Reached XP level 2. HP: 25/27 MP: 1/1
   125 | D:1      | Reached skill level 4 in Armour
   699 | D:2      | You fall into a shaft and drop 2 floors!
   726 | D:4      | Reached XP level 3. HP: 33/33 MP: 2/2
   744 | D:4      | Noticed Sigmund
   754 | D:4      | Killed Sigmund
   755 | D:4      | Reached skill level 5 in Armour
   755 | D:4      | Reached XP level 4. HP: 18/41 MP: 3/3
   755 | D:4      | Reached XP level 5. HP: 20/47 MP: 4/4
   756 | D:4      | Noticed Pikel
   757 | D:4      | Noticed a lemure
   758 | D:4      | Noticed a lemure
   761 | D:4      | Reached skill level 1 in Dodging
   763 | D:4      | Mangled by Pikel

Illustrated notes

Levels and vault maps discovered:
D:1:      spicycebolla_arrival_clurvy, layout_loops_ring, st_stairs_14
D:2:      layout_rooms
D:4:      wander_river, layout_rooms, mainiacjoe_overflow_concentric_impassable,
          lemuel_coloured_pillars_altar, nicolae_ossuary_entry_plus,
          gup_sewer_entry_bubbles, minmay_ogre_servants, uniq_sigmund,
          uniq_pikel

Skill      XL: |  1  2  3  4  5 |
---------------+----------------+-----
Armour         | 4 5 |  5.2
Shields        | 4 |  4.9
Fighting       | 4 |  4.7
Long Blades    | 3 4 |  4.0
Dodging        | 1 |  1.0

Action                     |  1- 3 |  4- 6 || total
---------------------------+-------+-------++-------
  Melee: Long sword        |    67 |     5 ||    72
         Headbutt          |     8 |     2 ||    10
    Use: Scroll            |     2 |       ||     2
 Armour: Scale mail        |    44 |     4 ||    48
  Dodge: Dodged            |    42 |     2 ||    44
  Block: Buckler           |    24 |     2 ||    26
